 Dungeon Crawl Stone Soup version 0.26-b1-59-ge38874ec40 (webtiles) character file.

Game seed: 8922305238300001004

940 raceaflais the Chopper (level 8, -8/49 HPs)
             Began as a Gargoyle Fighter on Jan 8, 2021.
             Was an Initiate of Nemelex Xobeh.
             Killed from afar by Ijyb (12 damage)
             ... with a bolt of acid
             ... on level 5 of the Dungeon.
             The game lasted 00:16:56 (6090 turns).

raceaflais the Chopper (Gargoyle Fighter)           Turns: 6090, Time: 00:16:57

Health: -8/49      AC: 15    Str: 18 (21) XL:     8   Next: 12%
Magic:  8/8        EV:  9    Int: 10      God:    Nemelex Xobeh [......]
Gold:   236        SH: 14    Dex:  9      Spells: 7/7 levels left

rFire    . . .     SeeInvis .   d - +4 war axe
rCold    + . .     Faith    .   c - +0 kite shield
rNeg     + . .     Spirit   .   q - +1 ring mail {rC+}
rPois    ∞         Reflect  +   f - +2 helmet
rElec    +         Harm     .   (no cloak)
rCorr    .         Rampage  .   (no gloves)
Will     .....                  (no boots)
Stlth    +.........             h - amulet of reflection
HPRegen  0.16/turn              (no ring)
MPRegen  0.11/turn              (no ring)

@: brilliant, about to teleport
A: negative energy resistance 1, electricity resistance, unbreathing,
petrification resistance, miasma immunity, AC +5
a: Renounce Religion, Draw Escape, Draw Destruction, Draw Summoning


You were on level 5 of the Dungeon.
You worshipped Nemelex Xobeh.
Nemelex Xobeh was noncommittal.
You visited 2 branches of the dungeon, and saw 6 of its levels.

You collected 236 gold pieces.

Inventory:

Hand Weapons
 d - a +4 war axe (weapon)
Armour
 c - a +0 kite shield (worn)
 f - a +2 helmet (worn)
 q - a +1 ring mail of cold resistance (worn)
Jewellery
 h - an amulet of reflection (around neck)
Wands
 o - a wand of flame (6)
Scrolls
 a - a scroll of remove curse {unknown}
 b - a scroll of fear {unknown}
 i - a scroll of teleportation
Potions
 k - 3 potions of brilliance


   Skills:
 + Level 5.0 Fighting
 + Level 5.4 Axes
 + Level 1.4 Throwing
 + Level 4.6 Armour
 + Level 2.0 Dodging
 + Level 1.5 Stealth
 + Level 4.8 Shields
 + Level 1.1 Evocations


You had 7 spell levels left.
You didn't know any spells.
Your spell library contained the following spells:

 Spells                   Type           Power        Failure   Level
 Magic Dart               Conj           0%           94%         1
 Blink                    Tloc           N/A          98%         2
 Call Imp                 Summ           0%           98%         2
 Slow                     Hex            0%           98%         2
 Conjure Flame            Conj/Fire      0%           100%        3
 Mephitic Cloud           Conj/Pois/Air  0%           100%        3


Dungeon Overview and Level Annotations

Branches:
Dungeon (5/15)             Temple (1/1) D:5

Altars:
Ashenzari
Elyvilon
Gozag
Nemelex Xobeh
Ru
Sif Muna
Trog
Uskayaw
Wu Jian
Xom
Yredelemnul
Zin
The Shining One

Annotations:
D:5 Ijyb


Innate Abilities, Weirdness & Mutations

You are resistant to torment.
Your stone body is resilient. (AC +5)
You are immune to poison.
You resist negative energy. (rN+)
You are resistant to electric shocks. (rElec)
You can survive without breathing.
You are immune to petrification.
You are immune to miasma.


Message History

Aim: Ijyb, wearing a +0 leather armour and carrying a wand of acid (8) (40% to evade)
The puff of flame misses Ijyb.
Ijyb screams, "Me stronger than you!" Ijyb hits you but does no damage.
You barely miss Ijyb. You block Ijyb's attack.
Your shield prevents you from hitting Ijyb.
Ijyb barely misses you. You block Ijyb's attack.
You hit Ijyb but do no damage. You block Ijyb's attack.
You hit Ijyb but do no damage.
Ijyb zaps a wand.
The bolt of acid hits you but does no damage.
You are splashed with acid!
You closely miss Ijyb. Ijyb hits you but does no damage.
You block Ijyb's attack.
Ijyb zaps a wand.
The bolt of acid hits you.
You are splashed with acid!
* * * LOW HITPOINT WARNING * * *
You feel clever all of a sudden.
As you read the scroll of teleportation, it crumbles to dust.
You feel strangely unstable.
Ijyb zaps a wand.
The bolt of acid hits you!
You die...
Your body disappears without a glow.

###....#†###.###.###.##.#
...)..##.# #.# #(# #.##.#
#####.##.###.###.###.##.#
#...................#
####.###.###.###.##.#
#.###.###.#......#
#........#..#.####
#####.........#
#####@##### .#######g#
.........# ##########


You could see Ijyb.

Vanquished Creatures
  Edmund (D:4)
  An ice beast (D:5)
  An ogre (D:4)
  Blork the orc (D:3)
  A bullfrog zombie (D:5)
  A jelly (D:5)
  5 orc wizards
  2 orc priests
  Jessica (D:3)
  2 iguanas
  3 worker ants
  A worker ant zombie (D:5)
  Robin (D:3)
  5 adders
  An ufetubus (D:5)
  An ooze (D:3)
  A worm (D:5)
  3 dart slugs
  2 leopard geckos
  11 orcs
  2 giant cockroaches
  15 goblins
  9 hobgoblins
  15 jackals
  6 kobolds
  2 quokkas (D:3)
  A ball python (D:2)
  7 bats
  5 frilled lizards
  8 rats
115 creatures vanquished.

Notes
Turn   | Place    | Note
-------+----------+-------------------------------------------
     0 | D:1      | raceaflais the Gargoyle Fighter began the quest for the
                  | Orb.
     0 | D:1      | Reached XP level 1. HP: 14/14 MP: 1/1
    73 | D:1      | Reached XP level 2. HP: 19/19 MP: 2/2
   865 | D:2      | Reached XP level 3. HP: 16/23 MP: 3/3
  1457 | D:2      | Found a bloodstained altar of Trog.
  1465 | D:2      | Became a worshipper of Trog the Wrathful
  1886 | D:3      | Noticed Blork the orc
  1906 | D:3      | Noticed Robin
  1912 | D:3      | Reached XP level 4. HP: 28/28 MP: 4/4
  1917 | D:3      | Reached * piety under Trog
  1932 | D:3      | Killed Robin
  2133 | D:3      | Noticed Jessica
  2145 | D:3      | Killed Jessica
  2162 | D:3      | Reached skill level 1 in Dodging
  2162 | D:3      | Reached XP level 5. HP: 31/33 MP: 5/5
  2292 | D:3      | Reached ** piety under Trog
  2301 | D:3      | Reached XP level 6. HP: 24/38 MP: 6/6
  2713 | D:3      | Killed Blork the orc
  2719 | D:3      | Found a shimmering blue altar of Sif Muna.
  2984 | D:2      | Found a white marble altar of Elyvilon.
  3401 | D:4      | Noticed Edmund
  3418 | D:4      | Killed Edmund
  3419 | D:4      | Reached skill level 1 in Throwing
  3419 | D:4      | Reached XP level 7. HP: 31/44 MP: 7/7
  3910 | D:4      | Found a sacrificial altar of Ru.
  3911 | D:4      | Found a glowing golden altar of the Shining One.
  4403 | D:4      | You fall into a shaft and drop 1 floor!
  4403 | D:5      | Entered Level 5 of the Dungeon
  4406 | D:5      | Reached skill level 1 in Stealth
  5238 | D:5      | Reached skill level 5 in Axes
  5238 | D:5      | Reached skill level 1 in Evocations
  5760 | D:5      | Reached XP level 8. HP: 46/48 MP: 8/8
  5823 | D:5      | Found a staircase to the Ecumenical Temple.
  5834 | D:5      | Reached skill level 5 in Fighting
  5848 | Temple   | Entered the Ecumenical Temple
  6008 | Temple   | Fell from the grace of Trog
  6008 | Temple   | Became a worshipper of Nemelex Xobeh the Trickster
  6077 | D:5      | Noticed Ijyb
  6090 | D:5      | Killed from afar by Ijyb

Illustrated notes

Levels and vault maps discovered:
D:1:      dpeg_arrival_lava_temple_mockup, layout_basic
D:2:      layout_rooms, nicolae_overflow_hidden_temple, bloody_trog
D:3:      layout_rooms, roderic_batcave, tgw_sif, uniq_jessica, uniq_robin
D:4:      layout_gridville, gammafunk_temple_overflow_pools, uniq_edmund
D:5:      cheibrodos_iron_armory, layout_loops_ring, vehumet_altar_wand_db,
          minmay_temple_entry_butterflies, minmay_misc_feat_tiny, uniq_ijyb
Temple:   nicolae_temple_figure_zero

Skill      XL: |  1  2  3  4  5  6  7  8 |
---------------+-------------------------+-----
Axes           | 2 3 4 5 |  5.4
Shields        | 4 |  4.8
Dodging        | 1 2 |  2.0
Fighting       | 4 5 |  5.0
Armour         | 4 |  4.6
Throwing       | 1 |  1.4
Stealth        | 1 |  1.5
Evocations     | 1 |  1.1

Action                   |  1- 3 |  4- 6 |  7- 9 || total
-------------------------+-------+-------+-------++-------
Melee: War axe           |   128 |   143 |    86 ||   357
Throw: Dart              |       |    24 |       ||    24
Evoke: Wand              |       |     4 |    11 ||    15
  Use: Potion            |     4 |     7 |     6 ||    17
       Scroll            |     1 |     5 |     5 ||    11
 Stab: Invisible         |       |     3 |       ||     3
Armor: Scale mail        |    93 |   110 |       ||   203
       Ring mail         |       |    25 |    24 ||    49
Dodge: Dodged            |    61 |    68 |    25 ||   154
Block: Kite shield       |    93 |    89 |    40 ||   222
